 Dungeon Crawl Stone Soup version 0.29-a0-333-gb4c28e87c6 (webtiles) character file.

Game seed: 434851781008358810

1659 petercordia7 the Carver (level 9, -4/78 HPs)
             Began as a Naga Warper on Apr 13, 2022.
             Slain by Prince Ribbit (13 damage)
             ... on level 7 of the Dungeon.
             The game lasted 00:22:44 (6740 turns).

petercordia7 the Carver (Naga Warper)               Turns: 6740, Time: 00:22:44

Health: -4/78      AC: 17    Str: 14    XL:     9   Next: 0%
Magic:  12/12      EV:  9    Int: 13    God:
Gold:   160        SH:  0    Dex: 15    Spells: 6/12 levels left

rFire   + . .      SeeInvis +   b - +2 falchion (vorpal)
rCold   + . .      Faith    .   (no shield)
rNeg    . . .      Spirit   .   K - +0 steam dragon scales
rPois   +          Reflect  .   B - +0 helmet
rElec   .          Harm     .   (no cloak)
rCorr   .          Rampage  .   z - +1 pair of gloves
Will    +....                   p - +4 barding {rC+}
Stlth   +++.......              (no amulet)
HPRegen 0.23/turn               H - ring of protection from fire
MPRegen 0.13/turn               (no ring)

@: short of breath, very slow
A: AC +3, large, see invisible, deformed body, poison resistance, slowness 2,
spit poison 1, naga tail 1
a: Spit Poison


You were on level 7 of the Dungeon.
You visited 2 branches of the dungeon, and saw 8 of its levels.

You collected 300 gold pieces.
You spent 140 gold pieces at shops.

Inventory:

Hand Weapons
 a - a +0 long sword of draining
 b - a +2 vorpal falchion (weapon)
 r - a +0 falchion
Missiles
 d - 7 boomerangs of dispersal
 e - 2 throwing nets
 k - 267 stones
 J - 4 poisoned darts
Armour
 p - a +4 barding of cold resistance (worn)
 z - a +1 pair of gloves (worn)
 B - a +0 helmet (worn)
 K - +0 steam dragon scales (worn)
 L - a +0 leather armour
Jewellery
 x - an amulet of faith
 y - a ring of fire
 H - a ring of protection from fire (left hand)
Wands
 s - a wand of acid (5)
 E - a wand of flame (30)
Scrolls
 c - a scroll of blinking
 f - 4 scrolls of vulnerability
 h - 2 scrolls of fog
 i - 7 scrolls of teleportation
 j - a scroll of immolation
 m - 3 scrolls of magic mapping
 t - 3 scrolls of torment
 A - 2 scrolls of brand weapon
 C - 2 scrolls of enchant weapon
 F - 3 scrolls of fear
 M - a scroll of identify
Potions
 g - 3 potions of curing
 l - a potion of magic
 n - 2 potions of resistance
 o - 3 potions of flight
 q - a potion of ambrosia
 u - a potion of heal wounds
 v - 2 potions of degeneration
 w - a potion of might
 D - a potion of brilliance
 G - a potion of mutation {unknown}
 I - a potion of attraction {unknown}


   Skills:
 + Level 3.7 Fighting
 * Level 8.6 Long Blades
 - Level 0.8 Throwing
 + Level 2.8 Armour
 + Level 3.2 Dodging
 * Level 6.6 Stealth
 - Level 2.0 Spellcasting
 - Level 3.0 Translocations


You had 6 spell levels left.
You knew the following spells:

 Your Spells              Type           Power      Damage    Failure   Level
a - Iskenderun's Mystic   Conj/Tloc      5%         2d3       80%         4
b - Blink                 Tloc           18%        N/A       11%         2

Your spell library contained the following spells:

 Spells                   Type           Power      Damage    Failure   Level
 Gell's Gravitas          Tloc           9%         N/A       22%         3
 Lesser Beckoning         Tloc           9%         N/A       22%         3
 Teleport Other           Tloc           9%         N/A       22%         3
 Corpse Rot               Necr/Air       2%         N/A       36%         2
 Poisonous Vapours        Pois/Air       2%         N/A       36%         2
 Manifold Assault         Tloc           9%         N/A       90%         5
 Dispel Undead            Necr           1%         3d6       94%         4
 Fulminant Prism          Conj/Hex       0%         3d6       94%         4
 Hailstorm                Conj/Ice       1%         3d3       94%         4
 Ice Form                 Ice/Tmut       1%         N/A       94%         4
 Lee's Rapid Deconstruct  Erth           0%         3d5*      100%        5
 Death Channel            Necr           0%         N/A       100%        6
 Simulacrum               Ice/Necr       0%         N/A       100%        6


Dungeon Overview and Level Annotations

Branches:
Dungeon (7/15)             Temple (1/1) D:4

Altars:
Cheibriados
Dithmenos
Elyvilon
Fedhas
Gozag
Hepliaklqana
Kikubaaqudgha
Makhleb
Nemelex Xobeh
Okawaru
Qazlal
Ru
Uskayaw
Xom
Yredelemnul
Zin
The Shining One

Shops:
D:1 *   D:4 [

Annotations:
D:6 gold behind clouds
D:7 Prince Ribbit


Innate Abilities, Weirdness & Mutations

Your serpentine skin is tough. (AC +3)
You have supernaturally acute eyesight. (SInv)
Armour fits poorly on your strangely shaped body.
Your system is resistant to poisons. (rPois)
You cover ground very slowly.
You can spit poison.
You have a snake-like lower body.


Message History

The gnoll barely misses you.
You closely miss Prince Ribbit.
Prince Ribbit is moderately wounded.
Prince Ribbit hits you but does no damage.
The gnoll barely misses you.
You barely miss Prince Ribbit.
Prince Ribbit is moderately wounded.
Prince Ribbit closely misses you.
The gnoll hits you from afar with a +0 halberd.
Prince Ribbit hits you but does no damage.
You hit Prince Ribbit. Your punch misses Prince Ribbit.
Prince Ribbit is heavily wounded.
Prince Ribbit hits you.
* * * LOW HITPOINT WARNING * * *
The gnoll hits you but does no damage.
You closely miss Prince Ribbit.
Prince Ribbit is heavily wounded.
Prince Ribbit hits you but does no damage.
You miss Prince Ribbit.
Prince Ribbit is heavily wounded.
You have got your breath back.
The gnoll hits you from afar with a +0 halberd.
* * * LOW HITPOINT WARNING * * *
Prince Ribbit croaks regally.
Prince Ribbit barely misses you.
Unknown command.
Unknown command.
Aiming: Spit Poison (1% risk of failure)
Press: ? - help, Shift-Dir - straight line, f/p - gnoll
Aim: a gnoll, wielding a +0 halberd (severely wounded, 69% to hit)
The splash of poison hits the gnoll!
The gnoll is poisoned.
You kill the gnoll!
Prince Ribbit looks more healthy.
Prince Ribbit hits you!
* * * LOW HITPOINT WARNING * * *
Unknown command.
Unknown command.
You slash Prince Ribbit!
Prince Ribbit is severely wounded.
Prince Ribbit hits you!
You die...

## #≈ #≈ .?
#.##≈###########
.###.#.≈.##.).@F..#
..#.#.≈..#.#####.#
...#.≈....### #.# .
..######.#<# #.# ...
#. #.#.# #.#
.....#.######§#.###.#
F......§..g...#.....#
......###############
.....


You could see Prince Ribbit.

Vanquished Creatures
  A steam dragon (D:6)
  A water moccasin (D:5)
  A black bear (D:5)
  A sky beast (D:6)
  An ogre (D:5)
  A centaur (D:5)
  3 phantoms
  A scorpion (D:2)
  6 hounds
  2 jellies
  A gnoll shaman (D:5)
  An orc priest (D:6)
  4 orc wizards
  5 iguanas
  6 gnolls
  9 adders
  A white imp (D:6)
  An ufetubus (D:6)
  3 worms
  4 dart slugs
  13 orcs
  10 ball pythons
  5 endoplasms
  2 giant cockroaches
  6 goblins
  4 hobgoblins
  3 jackals (D:1)
  5 kobolds
  3 quokkas
  8 bats
  3 frilled lizards
  3 rats
118 creatures vanquished.

Vanquished Creatures (others)
  An adder (D:3)
1 creature vanquished.

Grand Total: 119 creatures vanquished

Notes
Turn   | Place    | Note
-------+----------+-------------------------------------------
     0 | D:1      | petercordia7 the Naga Warper began the quest for the Orb.
     0 | D:1      | Reached XP level 1. HP: 19/19 MP: 3/3
    22 | D:1      | Reached skill level 1 in Stealth
   164 | D:1      | Found Kyurephi's Assorted Antiques.
   174 | D:1      | Reached XP level 2. HP: 26/26 MP: 5/5
   189 | D:1      | Learned a level 2 spell: Blink
   878 | D:1      | Bought a scroll labelled GERURGH FUAP for 20 gold pieces
   878 | D:1      | Bought a scroll labelled BECUOS GALEFIO for 20 gold pieces
   878 | D:1      | Bought a scroll labelled ICYUB FENIAMMA for 20 gold pieces
   900 | D:2      | Noticed a scorpion
   911 | D:2      | Killed a scorpion
   912 | D:2      | Reached skill level 3 in Long Blades
   912 | D:2      | Reached skill level 1 in Armour
   912 | D:2      | Reached XP level 3. HP: 18/32 MP: 6/6
   912 | D:2      | Reached XP level 4. HP: 22/39 MP: 7/7
  1348 | D:2      | Found a faded altar of an unknown god.
  1526 | D:2      | Reached XP level 5. HP: 45/45 MP: 8/8
  1531 | D:2      | Learned a level 4 spell: Iskenderun's Mystic Blast
  1918 | D:1      | Bought a scroll labelled BECUOS GALEFIO for 20 gold pieces
  1918 | D:1      | Bought a scroll labelled BECUOS GALEFIO for 20 gold pieces
  1918 | D:1      | Bought 2 scrolls labelled ZINANO WITORGHU for 40 gold
                  | pieces
  1971 | D:3      | Found a white marble altar of Elyvilon.
  2317 | D:3      | Found a stormy altar of Qazlal.
  2964 | D:4      | Reached skill level 4 in Long Blades
  3007 | D:4      | Found a hide-covered altar of Uskayaw.
  3029 | D:4      | Reached XP level 6. HP: 41/55 MP: 9/9
  3132 | D:4      | Found a staircase to the Ecumenical Temple.
  3148 | Temple   | Entered the Ecumenical Temple
  3569 | D:4      | Found Voelyut's Antique Armour Shoppe.
  3664 | D:4      | Found a burning altar of Makhleb.
  3763 | D:4      | Reached skill level 5 in Long Blades
  4059 | D:5      | Entered Level 5 of the Dungeon
  4170 | D:5      | Noticed a water moccasin
  4186 | D:5      | Reached XP level 7. HP: 57/61 MP: 10/10
  4318 | D:5      | Found an iron altar of Okawaru.
  4327 | D:5      | Reached skill level 5 in Stealth
  4338 | D:5      | Reached skill level 6 in Long Blades
  4689 | D:5      | Reached XP level 8. HP: 58/69 MP: 11/11
  4773 | D:5      | Reached skill level 7 in Long Blades
  5254 | D:5      | HP: 2/69 [centaur/arrow (11)]
  5624 | D:6      | Found a basalt altar of Yredelemnul.
  5647 | D:6      | Reached skill level 8 in Long Blades
  5675 | D:6      | Found a snail-covered altar of Cheibriados.
  5704 | D:6      | Found a shadowy altar of Dithmenos.
  6708 | D:7      | Noticed Prince Ribbit
  6725 | D:7      | Reached XP level 9. HP: 56/78 MP: 12/12
  6740 | D:7      | Slain by Prince Ribbit

Illustrated notes

Levels and vault maps discovered:
D:1:      beargit_arrival_diablo_church, layout_basic, serial_shops,
          nicolae_shop_competitors_out_of_business
D:2:      layout_rooms, nicolae_ecumenical_snake_handling,
          kennysheep_minor_cross
D:3:      layout_basic, elyvilon_altar_4, mainiacjoe_overflow_24_doors
D:4:      layout_cave_pods, makhleb_heckhound_becter, old_standard_altar,
          minmay_temple_entry_drinking_statues, nicolae_wooded_promenade,
          grunt_decor_junction, minmay_liquid_box,
          minmay_fractal_squares_gapless_5
D:5:      layout_basic, okawaru_trees_1, kennysheep_diamond,
          kennysheep_generic_room_3
D:6:      lemuel_ice_spiral_2, layout_basic, grunt_dithmenos_smoke_and_mirrors,
          yredelemnul_altar_generic, kennysheep_slug_shrine
D:7:      layout_basic, nicolae_ashenzari_panopticon, led_sif_book,
          eino_small_chamber_without_monster, st_stairs_12, grunt_ministairs_15,
          nicolae_specific_store, wad_floor_pattern_1,
          chequers_serial_rivers_micro_b, minmay_misc_feat_four_crosses,
          uniq_prince_ribbit1, uniq_duvessa
Temple:   grunt_temple_mini_profane

Skill      XL: |  1  2  3  4  5  6  7  8 |
---------------+-------------------------+-----
Stealth        | 1 3 4 5 6 |  6.6
Long Blades    | 3 4 5 6 8 |  8.6
Armour         | 1 2 |  2.8
Dodging        | 2 3 |  3.2
Fighting       | 3 |  3.7
Throwing       | |  0.8
Spellcasting   | |  2.0
Translocations | |  3.0

Action                   |  1- 3 |  4- 6 |  7- 9 || total
-------------------------+-------+-------+-------++-------
Melee: Falchion          |    21 |    56 |    10 ||    87
       Long sword        |       |   122 |   145 ||   267
       Punch             |       |     1 |     2 ||     3
 Cast: Blink             |       |       |     1 ||     1
 Abil: Spit Poison       |    15 |    50 |    34 ||    99
  Use: Scroll            |       |    12 |     9 ||    21
       Potion            |       |       |     2 ||     2
 Stab: Sleeping          |       |     1 |       ||     1
Armor: Leather armour    |     6 |   110 |   109 ||   225
       Steam dragon scal |       |       |    16 ||    16
Dodge: Dodged            |    22 |    68 |    60 ||   150

Table legend: (Time is in decaauts)
 A = Elapsed time spent in this place.
 B = Non-inter-level travel time spent in this place.
 C = Inter-level travel time spent in this place.
 D = Time resting spent in this place.
 E = Time spent auto-exploring this place.
 F = Levels seen in this place.
 G = Mean time per level.
                   A        B        C        D        E       F      G
               +--------+--------+--------+--------+--------+-----+--------+
         Total |   8514 |   7909 |    605 |    196 |   6578 |   8 | 1064.2 |
       Dungeon |   8230 |   7676 |    554 |    196 |   6348 |   7 | 1175.7 |
        Temple |    284 |    233 |     51 |      0 |    229 |   1 |  284.0 |
               +--------+--------+--------+--------+--------+-----+--------+

Top non-repeatable levels by time:
     D:5: 1760 daAuts
     D:4: 1410 daAuts
     D:6: 1366 daAuts
     D:3: 1244 daAuts
     D:1: 1184 daAuts
     D:2: 1177 daAuts
  Temple: 284 daAuts
     D:7: 86 daAuts
